 Dungeon Crawl Stone Soup version 0.31-a0-466-g98c9adc2b6 (webtiles) character file.

Game seed: 15330482661633528051

10 Ofeo the Ruffian (level 2, 21/21 HPs)
             Began as a Demonspawn Shapeshifter on Aug 6, 2023.
             Quit the game on level 1 of the Dungeon.
             The game lasted 00:00:27 (1355 turns).

Ofeo the Ruffian (Demonspawn Shapeshifter)          Turns: 1355, Time: 00:00:27

Health: 21/21      AC:  2    Str: 15    XL:     2   Next: 10%
Magic:  2/2        EV: 12    Int:  9    God:
Gold:   29         SH:  0    Dex: 13    Spells: 1/1 levels left

rFire   . .          .
                       - Unarmed
rCold   . . .        (no shield)
rNeg    . . .        a - +0 animal skin
rPois   .            (helmet currently unavailable)
rElec   .            (cloak currently unavailable)
rCorr   .            (gloves currently unavailable)
SInv    .            (boots currently unavailable)
Will    .....        (no amulet)
Stlth   +            (no ring)
HPRegen 0.23/turn    (no ring)
MPRegen 0.08/turn

%: no passive effects
@: beast-form
A: beast (slay +1), weakness stinger 1
a: Begin Untransformation


You were on level 1 of the Dungeon.
You were a hulking beast.
You visited 1 branch of the dungeon, and saw 1 of its levels.

You collected 29 gold pieces.

Inventory:

Armour
 a - a +0 animal skin (worn)
Talismans
 c - a beast talisman (active)
Scrolls
 d - a scroll of identify {unknown}
 f - a scroll of teleportation {unknown}
Potions
 b - a potion of lignification
 e - a potion of ambrosia {unknown}


   Skills:
 + Level 1.3 Fighting
 + Level 2.0 Dodging
 + Level 2.9 Unarmed Combat
 + Level 2.8 Shapeshifting


You had one spell level left.
You didn't know any spells.
Your spell library was empty.

Dungeon Overview and Level Annotations

Branches:
Dungeon (1/15)

Altars:


Innate Abilities, Weirdness & Mutations

You are a hulking beast.
Your limbs bulge with bestial killing power. (Slay +1)
You have a small tail.


Message History

You see here 5 javelins.
Found a short sword.
No target in view!
You see here a +0 short sword.
f - a scroll labelled TATEF LYCIEHE An endoplasm comes into view.
The endoplasm quivers.
An endoplasm is nearby!
An endoplasm is nearby!
An endoplasm is nearby!
The endoplasm hits you.
You take 1 damage, and have 14/15 hp.
You punch the endoplasm!
You kill the endoplasm!
Your Dodging skill increases to level 2!
You have reached level 2!
Your demonic ancestry asserts itself...
You grow a small tail.
You regained 6 hp, and now have 20/21 hp.
MP restored: 2 An endoplasm comes into view.
The endoplasm quivers.
Health restored: 21 An endoplasm is nearby!
An endoplasm is nearby!
The endoplasm closely misses you.
You hit the endoplasm. You tail-slap the endoplasm.
You kill the endoplasm!
No target in view!
No target in view!
No target in view!
No target in view!
No target in view!
No target in view!
No target in view!
Done exploring.
Done exploring.
Done exploring.
No target in view!
Are you sure you want to abandon this character and quit the game? (Confirm with "yes".)

###..#####.#####..#.# #.# #.#..
#.....⌠#.#⌠.....#.###.# #.###
#...##.#.#.##...#.....# #.###
#....#.#.#.#....####..#####.#..
#......#.#......# ##....##.#.#
#......#.#......# #.##.##.#.#
##.....#.#.....## #.##..#.#.#
#.#...........#.# #.###.#.#.#
#..#.........#h.# #.# #.#.#.#
########.######## #.# #.....#
#.## #.# ###...# #..# #.# #.#.#
##.## #[# #...# #..########
#.######... ##........#
#.......... ######...#
##########.
#################...#
#..........


There were no monsters in sight!

Vanquished Creatures
  A bat (D:1)
  3 endoplasms (D:1)
  2 quokkas (D:1)
  A ball python (D:1)
  A kobold (D:1)
  A rat (D:1)
9 creatures vanquished.

Notes
Turn   | Place    | Note
-------+----------+-------------------------------------------
     0 | D:1      | Ofeo the Demonspawn Shapeshifter began the quest for the
                  | Orb.
     0 | D:1      | Reached XP level 1. HP: 15/15 MP: 1/1
  1262 | D:1      | Gained mutation: You have a small tail. [demonic ancestry]
  1262 | D:1      | Reached XP level 2. HP: 20/21 MP: 2/2
  1355 | D:1      | Quit the game

Illustrated notes

Levels and vault maps discovered:
D:1:      matt_arrival_grand_opening, layout_basic

Skill      XL: |  1 |
---------------+----+-----
Dodging        | 2 |  2.0
Fighting       | |  1.3
Unarmed Combat | |  2.9
Shapeshifting  | |  2.8

Action                     || total
---------------------------++-------
  Melee: Unarmed           ||    27
         Tailslap          ||     1
 Armour: Animal skin       ||     2
  Dodge: Dodged            ||    17

Table legend: (Time is in decaauts)
 A = Elapsed time spent in this place.
 B = Non-inter-level travel time spent in this place.
 C = Inter-level travel time spent in this place.
 D = Time resting spent in this place.
 E = Time spent auto-exploring this place.
 F = Levels seen in this place.
 G = Mean time per level.
                   A        B        C        D        E       F      G
               +--------+--------+--------+--------+--------+-----+--------+
         Total |   1353 |   1353 |      0 |    157 |   1129 |   1 | 1353.0 |
       Dungeon |   1353 |   1353 |      0 |    157 |   1129 |   1 | 1353.0 |
               +--------+--------+--------+--------+--------+-----+--------+

Top non-repeatable levels by time:
     D:1: 1353 daAuts
